 Dungeon Crawl Stone Soup version 0.30.0-29-ga12c61a403 (webtiles) character file.

Game seed: 11957578635324826994

720 LustLizard the Gusty (level 7, -4/40 HPs)
             Began as a Deep Elf Air Elementalist on June 25, 2023.
             Was a Follower of Sif Muna.
             Slain by an ice beast (12 damage)
             ... on level 5 of the Dungeon.
             The game lasted 00:06:21 (5074 turns).

LustLizard the Gusty (Deep Elf Air Elementalist)    Turns: 5074, Time: 00:06:22

Health: -4/40      AC:  3    Str: 13    XL:     7   Next: 42%
Magic:  10/17      EV: 12    Int: 20    God:    Sif Muna [*.....]
Gold:   288        SH:  0    Dex: 15    Spells: 7/17 levels left

rFire   . . .        l - +2 dagger (venom)
rCold   . . .        (no shield)
rNeg    . . .        a - +0 robe
rPois   .            j - +0 helmet
rElec   .            (no cloak)
rCorr   .            (no gloves)
SInv    .            (no boots)
Will    .....        (no amulet)
Stlth   +++          t - +6 ring of strength
HPRegen 0.26/turn    (no ring)
MPRegen 0.15/turn

%: no passive effects
@: no status effects
A: no striking features
a: Renounce Religion, Channel Magic


You were on level 5 of the Dungeon.
You worshipped Sif Muna.
Sif Muna was aware of your devotion.
You visited 1 branch of the dungeon, and saw 5 of its levels.

You collected 288 gold pieces.

Inventory:

Hand Weapons
 g - a +0 dagger
 l - a +2 dagger of venom (weapon)
Armour
 a - a +0 robe (worn)
 j - a +0 helmet (worn)
Jewellery
 t - a +6 ring of strength (left hand)
Wands
 s - a wand of mindburst (11)
Scrolls
 c - 3 scrolls of identify
 d - 2 scrolls of torment {unknown}
 f - 2 scrolls of enchant armour {unknown}
 h - 3 scrolls of immolation {unknown}
 i - a scroll of fog {unknown}
 k - a scroll of butterflies {unknown}
 m - a scroll of teleportation {unknown}
 n - a scroll of amnesia {unknown}
 r - 3 scrolls of noise {unknown}
Potions
 b - a potion of magic
 e - a potion of mutation
 o - 2 potions of curing
 p - a potion of attraction {unknown}
 q - a potion of haste {unknown}


   Skills:
 + Level 2.5 Fighting
 - Level 2.4 Dodging
 - Level 4.0 Stealth
 + Level 5.5 Spellcasting
 + Level 3.8 Conjurations
 * Level 5.7 Air Magic


You had 7 spell levels left.
You knew the following spells:

 Your Spells              Type           Power      Damage    Failure   Level
a - Shock                 Conj/Air       96%        1d9       1%          1
b - Static Discharge      Conj/Air       48%        2-4/arc   2%          2
c - Swiftness             Air            28%        N/A       3%          3
d - Airstrike             Air            14%        2d(2-18)  11%         4

Your spell library contained the following spells:

 Spells                   Type           Power      Damage    Failure   Level
 Ensorcelled Hibernation  Hex/Ice        10%        N/A       17%         2
 Spider Form              Tmut/Pois      5%         N/A       32%         3
 Anguish                  Hex/Necr       2%         N/A       73%         4


Dungeon Overview and Level Annotations

Branches:
Dungeon (5/15)
 Temple: D:4-7

Altars:
Hepliaklqana
Nemelex Xobeh
Ru
Sif Muna

Annotations:
D:4 exclusion: water moccasin


Message History

You kill the gnoll!
Sif Muna accepts your kill.
You can't see any susceptible monsters within range! (Use Z to cast anyway.) HP restored.
s - a wand of mindburst (11)
Things that are here:
a +0 whip; a gnoll corpse
t - a +6 ring of strength You feel stronger.
t - a +6 ring of strength (left hand)
An ice beast comes into view.
The zap hits the ice beast but does no damage.
The zap misses the ice beast.
Casting: Shock (safe; 1% risk of failure)
Confirm with . or Enter, or press ? or * to list all spells.
The ice beast is struck by an arc of lightning.
The ice beast is lightly wounded.
You are struck by an arc of lightning.
The ice beast is struck by an arc of lightning.
The ice beast is moderately wounded.
You are struck by an arc of lightning.
The lightning grounds out.
The ice beast hits you. The ice beast freezes you!
Casting: Static Discharge (safe; 2% risk of failure)
Confirm with . or Enter, or press ? or * to list all spells.
The ice beast is struck by an arc of lightning.
The ice beast is heavily wounded.
You are struck by an arc of lightning.
The ice beast is struck by an arc of lightning.
The ice beast is heavily wounded.
The lightning grounds out.
The ice beast hits you. The ice beast freezes you!
Casting: Static Discharge (safe; 2% risk of failure)
Confirm with . or Enter, or press ? or * to list all spells.
The ice beast is struck by an arc of lightning.
The ice beast is heavily wounded.
You are struck by an arc of lightning.
* * * LOW HITPOINT WARNING * * *
The lightning grounds out.
The ice beast hits you.
* * * LOW HITPOINT WARNING * * *
The ice beast freezes you!
You die...

#. ##.### ..... #.#.## ##
#.... ##.#### #.#Y#
#.....#####..@####..
#.....)#.###.........
##.....#.....######...
#......#......#
##.....#.....#.....# . #
##.###.#......#......#...
#.....###.....#.....#.#.#
#.)....#.###.#......#.#.#
##.....#.....###.....#.#.#


You could see an ice beast.

Vanquished Creatures
  An ice beast (D:5)
  An ogre (D:4)
  A phantom (D:5)
  A howler monkey (D:4)
  A hound (D:4)
  An orc priest (D:3)
  An iguana (D:4)
  Natasha (thrice) (D:4)
  2 orc wizards
  3 gnolls (D:5)
  10 adders
  An ufetubus (D:5)
  4 worms
  5 orcs
  7 ball pythons
  7 bats
  9 endoplasms
  6 giant cockroaches
  4 goblins
  7 hobgoblins
  3 kobolds (D:2)
  5 quokkas
  2 frilled lizards
  5 rats
90 creatures vanquished.

Notes
Turn   | Place    | Note
-------+----------+-------------------------------------------
     0 | D:1      | LustLizard the Deep Elf Air Elementalist began the quest
                  | for the Orb.
     0 | D:1      | Reached XP level 1. HP: 10/10 MP: 6/6
   186 | D:1      | Reached XP level 2. HP: 15/15 MP: 6/8
   346 | D:1      | Learned a level 2 spell: Static Discharge
  1074 | D:2      | Reached XP level 3. HP: 20/20 MP: 6/9
  1078 | D:2      | Learned a level 3 spell: Swiftness
  1159 | D:2      | Identified the +8 hand axe of the Hall of Blades {flame,
                  | *Slow rElec rPois rC++}
  1652 | D:2      | Reached skill level 1 in Fighting
  1835 | D:2      | Reached XP level 4. HP: 25/25 MP: 5/11
  1921 | D:2      | Found a sacrificial altar of Ru.
  2517 | D:3      | Found a sparkling altar of Nemelex Xobeh.
  2699 | D:3      | HP: 1/25 [/static electricity (2)]
  2700 | D:3      | Reached XP level 5. HP: 2/29 MP: 5/13
  3153 | D:3      | Found a faded altar of an unknown god.
  3155 | D:3      | Found a faded altar of an unknown god.
  3157 | D:3      | Found a hazy altar of Hepliaklqana.
  3168 | D:3      | Prayed at the altar of an unknown god.
  3168 | D:3      | Became a worshipper of Sif Muna the Loreminder
  3168 | D:3      | Reached * piety under Sif Muna
  3583 | D:4      | Noticed a water moccasin
  3707 | D:4      | Noticed Natasha
  4022 | D:4      | Reached XP level 6. HP: 35/35 MP: 8/14
  4137 | D:4      | Learned a level 4 spell: Airstrike
  4266 | D:4      | Killed Natasha
  4505 | D:4      | Reached skill level 5 in Spellcasting
  4505 | D:4      | Reached skill level 5 in Air Magic
  4623 | D:4      | Noticed Natasha
  4625 | D:4      | Killed Natasha
  4656 | D:4      | Noticed Natasha
  4662 | D:4      | Killed Natasha
  4663 | D:4      | Reached XP level 7. HP: 34/40 MP: 8/16
  4740 | D:5      | Entered Level 5 of the Dungeon
  4813 | D:5      | Reached ** piety under Sif Muna
  5074 | D:5      | Slain by an ice beast

Illustrated notes

Levels and vault maps discovered:
D:1:      lemuel_arrival_river_passageway, layout_loops_ring
D:2:      layout_loops_ring, basic_altar
D:3:      layout_basic, nemelex_dance_club_becter,
          nicolae_hepliaklqana_ecumenical_no_more, serial_rivers,
          chequers_serial_rivers_micro_e, chequers_serial_rivers_marsh,
          chequers_serial_rivers_small_3, chequers_serial_rivers_small_b
D:4:      layout_basic, serial_bayou_pond_a, serial_bayou_crossing, uniq_natasha
D:5:      nicolae_BIG_FREAKIN_CUBE, layout_basic, minmay_temple_entry_waves

Skill      XL: |  1  2  3  4  5  6 |
---------------+-------------------+-----
Stealth        | 3 4 |  4.0
Fighting       | 1 2 |  2.5
Conjurations   | 2 3 |  3.8
Air Magic      | 4 5 |  5.7
Spellcasting   | 4 5 |  5.5
Dodging        | |  2.4

Action                     |  1- 3 |  4- 6 |  7- 9 || total
---------------------------+-------+-------+-------++-------
  Melee: Unarmed           |     1 |       |       ||     1
         Dagger            |       |     1 |     3 ||     4
   Cast: Shock             |    94 |   120 |    17 ||   231
         Static Discharge  |     4 |    18 |     8 ||    30
         Airstrike         |       |     1 |       ||     1
    Use: Scroll            |     1 |       |     1 ||     2
 Armour: Robe              |     1 |     6 |     3 ||    10
  Dodge: Dodged            |    18 |    16 |     5 ||    39
